 Dungeon Crawl Stone Soup version 0.29.0-4-gdea44cf6ec (webtiles) character file.

Game seed: 15855004828513966757

1632 qw the Cleaver (level 8, 0/70 HPs)
             Began as a Minotaur Berserker on Sept 10, 2022.
             Was a Believer of Trog.
             Slain by Duvessa
             ... wielding a +0 short sword
              (14 damage)
             ... on level 6 of the Dungeon.
             The game lasted 00:01:51 (5809 turns).

qw the Cleaver (Minotaur Berserker)                 Turns: 5809, Time: 00:01:52

Health: 0/70       AC: 18    Str: 27    XL:     8   Next: 66%
Magic:  7/7        EV:  8    Int:  4    God:    Trog [**....]
Gold:   411        SH:  0    Dex: 10    Spells: 7/7 levels left

rFire   . . .      SeeInvis .   Y - +0 hand axe (venom)
rCold   . . .      Faith    .   (no shield)
rNeg    . . .      Spirit   .   p - +0 plate armour
rPois   .          Reflect  .   (helmet restricted)
rElec   .          Harm     .   (no cloak)
rCorr   .          Rampage  .   s - +1 pair of gloves {Str+3}
Will    .....                   (no boots)
Stlth   ..........              (no amulet)
HPRegen 0.21/turn               d - +4 ring of protection
MPRegen 0.10/turn               (no ring)

@: about to teleport, on berserk cooldown, slowed, very slow
A: horns 2, retaliatory headbutt
a: Renounce Religion, Berserk, Trog's Hand


You were on level 6 of the Dungeon.
You worshipped Trog.
Trog was pleased with you.
You visited 1 branch of the dungeon, and saw 6 of its levels.

You collected 411 gold pieces.


Innate Abilities, Weirdness & Mutations

You have a pair of horns on your head.
You reflexively headbutt those who attack you in melee.


   Skills:
 - Level 6.0 Fighting
 + Level 11.4 Axes
 - Level 2.1 Throwing
 - Level 5.4 Armour
 - Level 2.1 Dodging


You had 7 spell levels left.
You didn't know any spells.
Your spell library was empty.

Inventory:

Hand Weapons
 l - a +2 flail of protection
 Y - a +0 hand axe of venom (weapon)
Missiles
 a - a javelin (quivered)
 r - 4 boomerangs
Armour
 p - a +0 plate armour (worn)
 s - a +1 pair of gloves of strength (worn)
Jewellery
 d - a +4 ring of protection (left hand)
Scrolls
 h - 2 scrolls of teleportation
 n - a scroll of identify
Potions
 b - 4 potions of heal wounds
 c - a potion of cancellation
 f - 4 potions of curing
 g - 2 potions of might
 j - a potion of haste
 m - a potion of mutation
 q - a potion of lignification {unknown}

Dungeon Overview and Level Annotations

Branches:
Dungeon (6/15)             Temple (0/1) D:4

Altars:
Cheibriados
Dithmenos
Elyvilon
Uskayaw
Zin

Annotations:
D:6 4 runed translucent doors, Duvessa


Message History

You are no longer poisoned.
Duvessa, Sister of Dowan comes into view.
She is wielding a +0 short sword.
You hit Duvessa but do no damage.
Duvessa is poisoned.
Duvessa goes berserk!
Duvessa hits you but does no damage.
You hit Duvessa but do no damage. You headbutt Duvessa.
Duvessa is lightly wounded.
Duvessa barely misses you. Duvessa hits you with a +0 short sword.
You hit Duvessa.
Duvessa looks as sick as possible!
You headbutt Duvessa, but do no damage.
Duvessa is lightly wounded.
Duvessa hits you but does no damage.
You hit Duvessa.
Duvessa looks as sick as possible!
Duvessa is moderately wounded.
Duvessa hits you but does no damage. Duvessa hits you with a +0 short sword.
You completely miss Duvessa.
Duvessa is moderately wounded.
Duvessa hits you with a +0 short sword!
You barely miss Duvessa.
Duvessa is heavily wounded.
Duvessa hits you with a +0 short sword! Duvessa hits you with a +0 short sword.
You hit Duvessa but do no damage.
Duvessa is heavily wounded.
Duvessa hits you but does no damage. Duvessa barely misses you.
You furiously retaliate!
You headbutt Duvessa, but do no damage. You closely miss Duvessa.
Your headbutt misses Duvessa.
Duvessa is heavily wounded.
Duvessa barely misses you. You furiously retaliate!
You headbutt Duvessa. Duvessa hits you but does no damage.
You closely miss Duvessa.
Duvessa is heavily wounded.
Duvessa barely misses you.
You hit Duvessa. You headbutt Duvessa, but do no damage.
Duvessa is severely wounded.
Duvessa closely misses you. You furiously retaliate!
You headbutt Duvessa! Duvessa hits you with a +0 short sword!
5809 ||| READING 3 scrolls of teleportation.
As you read the scroll of teleportation, it crumbles to dust.
You feel strangely unstable. Duvessa hits you but does no damage.
Duvessa hits you with a +0 short sword!
You die...

#.# #.### ...8F.
#...# ..... ###.###
...8 ##########....
..e #.##....>..... ..
###.##.#####..##
#S###...............
##'#@..####.#####..#.
#..e.### #.# #....
#....# #.# #....
##...# #.# #....
##### #.# #...# #.#
##### #.#########
#..........
###########


You could see Duvessa (berserk, very poisoned).

Vanquished Creatures
  Eustachio (D:6)
  Edmund (D:5)
  A water moccasin (D:6)
  2 sky beasts
  An ice beast (D:6)
  An ogre (D:6)
  A phantom (D:5)
  Blork the orc (D:4)
  A gnoll sergeant (D:5)
  A bullfrog (D:6)
  2 scorpions (D:6)
  Dowan (D:6)
  A jelly (D:5)
  A howler monkey (D:5)
  2 hounds
  An orc priest (D:5)
  2 iguanas
  Natasha (thrice) (D:4)
  4 gnolls (D:5)
  3 adders
  An ufetubus (D:5)
  A worm (D:5)
  3 dart slugs
  13 orcs
  4 ball pythons
  8 endoplasms
  4 giant cockroaches
  10 goblins
  6 hobgoblins
  7 jackals
  3 quokkas
  7 bats
  2 frilled lizards
  10 kobolds
  5 rats
115 creatures vanquished.

Vanquished Creatures (others)
  4 plants (D:2)
4 creatures vanquished.

Grand Total: 119 creatures vanquished

Notes
Turn   | Place    | Note
-------+----------+-------------------------------------------
     0 | D:1      | qw the Minotaur Berserker began the quest for the Orb.
     0 | D:1      | Reached XP level 1. HP: 19/19 MP: 0/0
     0 | D:1      | 0 ||| qw: Version: 0.1-a-113-g051387a
     0 | D:1      | 0 ||| qw: Game counter: 7390
     0 | D:1      | 0 ||| qw: Always use a shield: true
     0 | D:1      | 0 ||| qw: Do Orc after D:15 true
     0 | D:1      | 0 ||| qw: Do second Lair branch before Depths: true
     0 | D:1      | 0 ||| qw: Lair rune preference: random
     0 | D:1      | 0 ||| qw: Plans: Normal
     0 | D:1      | 0 ||| PLANNING D:1-11
    53 | D:1      | 53 ||| INVOKING Berserk.
   301 | D:1      | Reached skill level 4 in Axes
   305 | D:1      | 305 ||| Stepping ~*~*~tactically~*~*~ (stealth).
   333 | D:1      | Reached XP level 2. HP: 21/26 MP: 1/1
   506 | D:1      | Found a faded altar of an unknown god.
   556 | D:1      | 556 ||| Stepping ~*~*~tactically~*~*~ (stealth).
   558 | D:1      | 558 ||| Stepping ~*~*~tactically~*~*~ (stealth).
  1050 | D:1      | 1050 ||| UPGRADING to +0 ring mail.
  1060 | D:1      | 1060 ||| DROPPING +0 animal skin.
  1061 | D:1      | 1061 ||| READING scroll labelled FAWNAANINN.
  1064 | D:1      | 1064 ||| READING scroll labelled FUASOH CIOTOS.
  1065 | D:1      | 1065 ||| READING scroll labelled YRGHOUMEEZI.
  1193 | D:2      | Reached skill level 5 in Axes
  1202 | D:2      | Reached XP level 3. HP: 31/31 MP: 2/2
  1228 | D:2      | 1228 ||| Stepping ~*~*~tactically~*~*~ (stealth).
  1229 | D:2      | 1229 ||| Stepping ~*~*~tactically~*~*~ (stealth).
  1239 | D:2      | 1239 ||| Stepping ~*~*~tactically~*~*~ (stealth).
  1368 | D:2      | 1368 ||| Stepping ~*~*~tactically~*~*~ (stealth).
  1850 | D:2      | 1850 ||| UPGRADING to +4 ring of protection.
  1851 | D:2      | 1851 ||| READING scroll labelled PYIS METOISUUN.
  1852 | D:2      | 1852 ||| READING scroll labelled DIUCUA COJIU.
  1853 | D:2      | 1853 ||| READING scroll labelled USONEI VYBI.
  1854 | D:2      | 1854 ||| DRINKING 3 fizzy cyan potions.
  1855 | D:2      | 1855 ||| Stepping randomly (stuck).
  1856 | D:2      | 1856 ||| Stepping ~*~*~tactically~*~*~ (cloud).
  1860 | D:2      | HP: 7/31 [poisoned by you (poison gas)]
  2176 | D:3      | 2176 ||| FLEEEEING.
  2177 | D:3      | 2177 ||| FLEEEEING.
  2178 | D:3      | 2178 ||| FLEEEEING.
  2179 | D:3      | 2179 ||| FLEEEEING.
  2180 | D:3      | 2180 ||| FLEEEEING.
  2181 | D:3      | 2181 ||| FLEEEEING.
  2182 | D:3      | 2182 ||| FLEEEEING.
  2183 | D:3      | 2183 ||| FLEEEEING.
  2184 | D:3      | 2184 ||| FLEEEEING.
  2187 | D:3      | 2187 ||| STAIRDANCE
  2238 | D:3      | 2238 ||| Stepping ~*~*~tactically~*~*~ (stealth).
  2240 | D:3      | 2240 ||| Stepping ~*~*~tactically~*~*~ (stealth).
  2254 | D:3      | 2254 ||| DROPPING +0 whip.
  2278 | D:3      | Reached ** piety under Trog
  2412 | D:3      | 2412 ||| Stepping ~*~*~tactically~*~*~ (stealth).
  2414 | D:3      | 2414 ||| Stepping ~*~*~tactically~*~*~ (stealth).
  2462 | D:3      | Reached XP level 4. HP: 39/39 MP: 3/3
  2495 | D:3      | Reached skill level 6 in Axes
  2575 | D:3      | Found a hide-covered altar of Uskayaw.
  2705 | D:3      | 2705 ||| Stepping ~*~*~tactically~*~*~ (hiding).
  2807 | D:3      | 2807 ||| UPGRADING to +0 chain mail.
  2817 | D:3      | 2817 ||| DROPPING +0 ring mail.
  2818 | D:3      | 2818 ||| READING scroll labelled BANNUQ MATUOMN.
  2819 | D:3      | 2819 ||| DRINKING 2 brown potions.
  2870 | D:4      | Found a shadowy altar of Dithmenos.
  2874 | D:4      | 2874 ||| Stepping ~*~*~tactically~*~*~ (stealth).
  2878 | D:4      | Noticed Natasha
  2879 | D:4      | 2879 ||| Stepping ~*~*~tactically~*~*~ (stealth).
  2884 | D:4      | 2884 ||| Stepping ~*~*~tactically~*~*~ (stealth).
  2887 | D:4      | 2887 ||| INVOKING Berserk.
  2888 | D:4      | Killed Natasha
  2889 | D:4      | Reached skill level 1 in Throwing
  3052 | D:4      | Noticed Natasha
  3053 | D:4      | 3053 ||| INVOKING Berserk.
  3062 | D:4      | Killed Natasha
  3168 | D:4      | Reached XP level 5. HP: 45/45 MP: 4/4
  3181 | D:4      | 3181 ||| Stepping ~*~*~tactically~*~*~ (stealth).
  3197 | D:4      | Found a staircase to the Ecumenical Temple.
  3204 | D:4      | Noticed Blork the orc
  3205 | D:4      | 3205 ||| Stepping ~*~*~tactically~*~*~ (stealth).
  3208 | D:4      | 3208 ||| Stepping ~*~*~tactically~*~*~ (stealth).
  3211 | D:4      | 3211 ||| INVOKING Berserk.
  3215 | D:4      | Killed Blork the orc
  3216 | D:4      | Reached skill level 7 in Axes
  3242 | D:4      | 3242 ||| Stepping ~*~*~tactically~*~*~ (stealth).
  3253 | D:4      | 3253 ||| FLEEEEING.
  3291 | D:4      | 3291 ||| FLEEEEING.
  3292 | D:4      | 3292 ||| FLEEEEING.
  3293 | D:4      | 3293 ||| FLEEEEING.
  3362 | D:4      | Noticed Natasha
  3364 | D:4      | 3364 ||| Stepping ~*~*~tactically~*~*~ (hiding).
  3366 | D:4      | 3366 ||| INVOKING Berserk.
  3367 | D:4      | Killed Natasha
  3371 | D:4      | Reached XP level 6. HP: 52/52 MP: 5/5
  3509 | D:4      | Found a snail-covered altar of Cheibriados.
  3585 | D:4      | Noticed a sky beast
  3586 | D:4      | 3586 ||| Stepping ~*~*~tactically~*~*~ (stealth).
  3598 | D:4      | Killed a sky beast
  3599 | D:4      | Reached skill level 8 in Axes
  3826 | D:4      | 3826 ||| READING scroll labelled UJEYLLI CEFEO.
  3827 | D:4      | 3827 ||| DRINKING 2 dark potions.
  3828 | D:4      | 3828 ||| DRINKING 3 metallic coppery potions.
  3829 | D:4      | 3829 ||| DRINKING 2 amethyst potions.
  3830 | D:4      | 3830 ||| READING 5 scrolls of identify.
  3830 | D:4      | 3830 ||| IDENTIFYING pink potion
  3831 | D:4      | 3831 ||| READING 4 scrolls of identify.
  3831 | D:4      | 3831 ||| IDENTIFYING sapphire potion
  3832 | D:4      | 3832 ||| READING 3 scrolls of identify.
  3832 | D:4      | 3832 ||| IDENTIFYING ruby potion
  3833 | D:4      | 3833 ||| DROPPING potion of invisibility.
  3834 | D:4      | 3834 ||| DROPPING potion of berserk rage.
  3835 | D:4      | 3835 ||| DROPPING potion of flight.
  3868 | D:5      | Entered Level 5 of the Dungeon
  3902 | D:5      | 3902 ||| Stepping ~*~*~tactically~*~*~ (stealth).
  4067 | D:5      | 4067 ||| Stepping ~*~*~tactically~*~*~ (hiding).
  4069 | D:5      | 4069 ||| INVOKING Berserk.
  4071 | D:5      | Reached skill level 9 in Axes
  4079 | D:5      | Reached XP level 7. HP: 54/60 MP: 6/6
  4211 | D:5      | 4211 ||| Stepping ~*~*~tactically~*~*~ (hiding).
  4215 | D:5      | 4215 ||| Stepping ~*~*~tactically~*~*~ (hiding).
  4216 | D:5      | 4216 ||| Stepping ~*~*~tactically~*~*~ (hiding).
  4217 | D:5      | 4217 ||| Stepping ~*~*~tactically~*~*~ (hiding).
  4219 | D:5      | 4219 ||| INVOKING Berserk.
  4243 | D:5      | Reached skill level 3 in Armour
  4493 | D:5      | 4493 ||| Stepping ~*~*~tactically~*~*~ (stealth).
  4494 | D:5      | 4494 ||| Stepping ~*~*~tactically~*~*~ (stealth).
  4495 | D:5      | 4495 ||| Stepping ~*~*~tactically~*~*~ (stealth).
  4499 | D:5      | 4499 ||| INVOKING Berserk.
  4624 | D:5      | Noticed Edmund
  4625 | D:5      | 4625 ||| INVOKING Berserk.
  4631 | D:5      | Killed Edmund
  4788 | D:5      | 4788 ||| Stepping ~*~*~tactically~*~*~ (stealth).
  4790 | D:5      | 4790 ||| Stepping ~*~*~tactically~*~*~ (stealth).
  4803 | D:5      | 4803 ||| Stepping ~*~*~tactically~*~*~ (stealth).
  4828 | D:5      | 4828 ||| Stepping ~*~*~tactically~*~*~ (stealth).
  4829 | D:5      | 4829 ||| Stepping ~*~*~tactically~*~*~ (stealth).
  5069 | D:5      | 5069 ||| UPGRADING to +0 plate armour.
  5079 | D:5      | 5079 ||| DROPPING +0 chain mail.
  5080 | D:5      | 5080 ||| UPGRADING to +1 pair of gloves of strength.
  5085 | D:5      | 5085 ||| READING scroll labelled MUISCH DOXKULLA.
  5086 | D:5      | 5086 ||| DRINKING 2 glowing blue potions.
  5087 | D:5      | 5087 ||| READING 3 scrolls of identify.
  5087 | D:5      | 5087 ||| IDENTIFYING black potion
  5088 | D:5      | 5088 ||| READING 2 scrolls of identify.
  5088 | D:5      | 5088 ||| IDENTIFYING green potion
  5089 | D:5      | 5089 ||| DROPPING potion of degeneration.
  5090 | D:5      | 5090 ||| DROPPING potion of ambrosia.
  5103 | D:6      | Noticed Eustachio
  5108 | D:6      | 5108 ||| INVOKING Berserk.
  5113 | D:6      | Killed Eustachio
  5272 | D:6      | Reached skill level 10 in Axes
  5272 | D:6      | Reached XP level 8. HP: 67/68 MP: 7/7
  5308 | D:6      | Found a large runed translucent door.
  5309 | D:6      | Noticed a cyclops
  5309 | D:6      | Noticed a manticore
  5310 | D:6      | Found a large runed translucent door.
  5315 | D:6      | Found a large runed translucent door.
  5315 | D:6      | Found a large runed translucent door.
  5384 | D:6      | Found a white marble altar of Elyvilon.
  5388 | D:6      | Found a glowing silver altar of Zin.
  5481 | D:6      | Reached skill level 6 in Fighting
  5489 | D:6      | 5489 ||| INVOKING Berserk.
  5691 | D:6      | Reached skill level 11 in Axes
  5778 | D:6      | Noticed Dowan
  5780 | D:6      | 5780 ||| Stepping ~*~*~tactically~*~*~ (hiding).
  5785 | D:6      | 5785 ||| INVOKING Berserk.
  5793 | D:6      | Killed Dowan
  5798 | D:6      | Noticed Duvessa
  5808 | D:6      | HP: 13/70 [Duvessa/+0 short sword (11)]
  5809 | D:6      | 5809 ||| READING 3 scrolls of teleportation.
  5809 | D:6      | Slain by Duvessa

Levels and vault maps discovered:
D:1:      lemuel_arrival_hallway, layout_basic,
          shapermc_ecumenical_altar_pompeii
D:2:      layout_rooms, chequers_serial_rivers_micro_d, chequers_big_river,
          grunt_decor_fettered, feat_on_display
D:3:      layout_loops_ring, mainiacjoe_overflow_tiny_flanked
D:4:      layout_rooms, nicolae_dithmenos_the_darkroom, kennysheep_slug_shrine,
          minmay_temple_entry_arrows, uniq_natasha, uniq_blork_the_orc
D:5:      layout_basic, kennysheep_generic_room_11, uniq_edmund
D:6:      layout_loops_ring, dreamdust_divine_triumvirate,
          minmay_overflow_temple_star_hex, minmay_hollow_rounded_squares,
          uniq_eustachio, uniq_duvessa

Skill      XL: |  1  2  3  4  5  6  7  8 |
---------------+-------------------------+-----
Axes           | 4 5 6 7 9 10 11 | 11.4
Throwing       | 1 2 |  2.1
Fighting       | 4 5 6 |  6.0
Armour         | 4 5 |  5.4
Dodging        | |  2.1

Action                   |  1- 3 |  4- 6 |  7- 9 || total
-------------------------+-------+-------+-------++-------
Melee: Hand axe          |    89 |    65 |   103 ||   257
       Headbutt          |     8 |    10 |    21 ||    39
       Punch             |     1 |       |     1 ||     2
Throw: Boomerang         |    17 |    13 |     6 ||    36
       Javelin           |       |    24 |    22 ||    46
Invok: Berserk           |     1 |     5 |     6 ||    12
  Use: Scroll            |     6 |     5 |     4 ||    15
       Potion            |     1 |     4 |     1 ||     6
Armor: Animal skin       |    12 |       |       ||    12
       Ring mail         |    17 |     2 |       ||    19
       Chain mail        |       |    20 |    27 ||    47
       Plate armour      |       |       |    21 ||    21
Dodge: Dodged            |    46 |    21 |    29 ||    96

Table legend:
 A = Non-vault XP
 B = Vault XP
 C = Vault XP percentage of total XP
 D = Non-vault monster count
 E = Vault monster count
 F = Vault count percentage of total count
                 A         B        C        D         E       F
            +---------+---------+-------+---------+---------+-------
      Total |    1734 |     598 |  25.6 |     108 |       7 |   6.1
            +---------+---------+-------+---------+---------+-------
        D:1 |      32 |       0 |   0.0 |      20 |       0 |   0.0
        D:2 |      25 |       0 |   0.0 |      14 |       0 |   0.0
        D:3 |      61 |       0 |   0.0 |      24 |       0 |   0.0
        D:4 |     256 |     138 |  35.0 |      16 |       3 |  15.8
        D:5 |     500 |     195 |  28.1 |      23 |       2 |   8.0
        D:6 |     860 |     265 |  23.6 |      11 |       2 |  15.4
            +---------+---------+-------+---------+---------+-------
